 Dungeon Crawl Stone Soup version 0.28.0-43-g3370ac3207 (webtiles) character file.

Game seed: 16604374136721677058

340 crimpus the Cutter (level 6, -2/40 HPs)
             Began as a Kobold Berserker on Mar 9, 2022.
             Was a Believer of Trog.
             Killed by nerve-wracking pain
             ... invoked by Grinder
              (6 damage)
             ... on level 5 of the Dungeon.
             The game lasted 00:04:35 (4346 turns).

crimpus the Cutter (Kobold Berserker)               Turns: 4346, Time: 00:04:36

Health: -2/40      AC:  5    Str: 15    XL:     6   Next: 87%
Magic:  6/6        EV: 15    Int:  8    God:    Trog [**....]
Gold:   233        SH:  0    Dex: 16    Spells: 5/5 levels left

rFire   . . .      SeeInvis .   p - +0 rapier
rCold   . . .      Faith    .   (no shield)
rNeg    . . .      Spirit   .   j - +0 leather armour
rPois   .          Reflect  .   (no helmet)
rElec   .          Harm     .   c - +0 cloak
rCorr   .          Rampage  .   f - +0 pair of gloves
Will    .....                   (no boots)
Stlth   ++++......              (no amulet)
HPRegen 0.13/turn               (no ring)
MPRegen 0.10/turn               (no ring)

@: brilliant, on berserk cooldown, flying, slowed, very slow
A: small, no large weapons, nightstalker 3
a: Renounce Religion, Berserk, Trog's Hand


You were on level 5 of the Dungeon.
You worshipped Trog.
Trog was pleased with you.
You visited 1 branch of the dungeon, and saw 5 of its levels.

You collected 233 gold pieces.

Inventory:

Hand Weapons
 p - a +0 rapier (weapon)
Armour
 c - a +0 cloak (worn)
 f - a +0 pair of gloves (worn)
 j - a +0 leather armour (worn)
Jewellery
 o - a +4 ring of evasion
Scrolls
 d - 4 scrolls of identify {unknown}
 l - 2 scrolls of vulnerability {unknown}
 m - a scroll of blinking {unknown}
Potions
 a - 2 potions of flight
 b - a potion of heal wounds {unknown}
 e - a potion of brilliance
 g - a potion of haste {unknown}
 h - 2 potions of curing {unknown}
 i - a potion of magic {unknown}
 k - a potion of attraction {unknown}
 n - a potion of might {unknown}


   Skills:
 + Level 5.0 Fighting
 + Level 6.0 Short Blades
 + Level 2.1 Armour
 + Level 3.2 Dodging
 + Level 4.5 Stealth


You had 5 spell levels left.
You didn't know any spells.
Your spell library was empty.

Dungeon Overview and Level Annotations

Branches:
Dungeon (5/15)             Temple (0/1) D:4

Altars:
Gozag
Makhleb
Ru

Shops:
D:5 (

Annotations:
D:5 Grinder


Innate Abilities, Weirdness & Mutations

You are small and have problems with some larger weapons.
You are completely attuned to the shadows.


Message History

You hit Grinder but do no damage.
Grinder is almost dead.
Grinder gestures at you.
You suddenly lose the ability to move!
Grinder blinks!
Grinder hits you.
You can move again.
Grinder blinks!
Grinder hits you!
Grinder blinks!
A red film seems to cover your vision as you go berserk!
You feel yourself moving faster!
You feel mighty!
You feel a strong urge to attack something.
Grinder gestures at you. Pain shoots through your body!
Grinder gestures at you.
You suddenly lose the ability to move!
Grinder gestures at you. Pain shoots through your body! Grinder hits you. x2
You writhe in agony.
Grinder gestures at you. Pain shoots through your body!
You are no longer berserk.
You feel yourself slow down. Grinder hits you!
* * * LOW HITPOINT WARNING * * *
You writhe in agony.
* * * LOW HITPOINT WARNING * * *
Grinder blinks!
You can move again.
Unknown command.
It was a potion of flight.
You feel very buoyant.
You fly up into the air.
Grinder closely misses you.
It was a potion of brilliance.
You feel clever all of a sudden. Grinder completely misses you.
Grinder gestures at you. Pain shoots through your body!
You die...

####.............(..##
##.##.## #
.....######..>...##
#...... .#...#
#.#...## #....##
#...#### #.##'##
#....## #......#
#.##.# #......
##..##.###.##.#
##.####
#.........##.## #.#
....##.#####...## #.#
######.# #..@..# #.#
#.# ###.5.## #.# #..
.....##########.#
###.............#
##.############ #.#
#.# ..


You could see Grinder.

Vanquished Creatures
  A scorpion (D:4)
  An orc priest (D:4)
  Jessica (D:2)
  An iguana (D:2)
  An orc wizard (D:4)
  A hound skeleton (D:4)
  Robin (D:3)
  A howler monkey zombie (D:4)
  6 adders
  A worm (D:2)
  3 dart slugs
  4 orcs
  3 bats
  8 endoplasms
  A giant cockroach (D:3)
  14 goblins
  8 hobgoblins
  6 kobolds
  4 quokkas
  8 ball pythons
  7 rats
81 creatures vanquished.

Notes
Turn   | Place    | Note
-------+----------+-------------------------------------------
     0 | D:1      | crimpus the Kobold Berserker began the quest for the Orb.
     0 | D:1      | Reached XP level 1. HP: 14/14 MP: 1/1
   492 | D:1      | Reached XP level 2. HP: 19/19 MP: 2/2
  1084 | D:1      | Found a faded altar of an unknown god.
  1271 | D:2      | Reached XP level 3. HP: 24/24 MP: 3/3
  1414 | D:2      | Noticed Jessica
  1420 | D:2      | Killed Jessica
  1421 | D:2      | Reached skill level 1 in Stealth
  1473 | D:2      | Reached XP level 4. HP: 17/29 MP: 4/4
  1706 | D:2      | Reached XP level 5. HP: 26/34 MP: 5/5
  1887 | D:2      | Found an opulent altar of Gozag.
  2057 | D:2      | Reached skill level 5 in Short Blades
  2107 | D:2      | Reached ** piety under Trog
  2637 | D:3      | Noticed Robin
  2666 | D:3      | Killed Robin
  3455 | D:4      | Found a staircase to the Ecumenical Temple.
  3489 | D:4      | Reached XP level 6. HP: 40/40 MP: 6/6
  3501 | D:4      | Found a burning altar of Makhleb.
  3730 | D:4      | Reached skill level 5 in Fighting
  3730 | D:4      | Reached skill level 6 in Short Blades
  3814 | D:4      | Found a sacrificial altar of Ru.
  4169 | D:5      | Entered Level 5 of the Dungeon
  4169 | D:5      | Found Xasm's Weapon Shoppe.
  4324 | D:5      | Noticed Grinder
  4329 | D:5      | Paralysed by Grinder for 2 turns
  4337 | D:5      | Paralysed by Grinder for 7 turns
  4346 | D:5      | Killed from afar by Grinder

Illustrated notes

Levels and vault maps discovered:
D:1:      sevenhm_arrival_forest_fort_large_2, layout_basic,
          shapermc_ecumenical_altar_totnotflames, minmay_bisected
D:2:      layout_loops_ring, basic_altar, minmay_surrounded, uniq_jessica
D:3:      layout_basic, uniq_robin
D:4:      layout_basic, bloody_makhleb, nicolae_ru_great_annihilating_truth,
          minmay_temple_entry_ruins, corexii_leaking_fountain
D:5:      layout_loops_corners, mainiacjoe_overflow_cross_hatched,
          mainiacjoe_overflow_surrounded_room, lemuel_tele_altar, serial_shops,
          nicolae_stop_n_shop_1, minmay_misc_feat_rugged, uniq_menkaure,
          uniq_grinder, uniq_edmund

Skill      XL: |  1  2  3  4  5  6 |
---------------+-------------------+-----
Stealth        | 1 2 3 4 |  4.5
Dodging        | 3 |  3.2
Fighting       | 4 5 |  5.0
Short Blades   | 5 6 |  6.0
Armour         | 2 |  2.1

Action                   |  1- 3 |  4- 6 || total
-------------------------+-------+-------++-------
Melee: Short sword       |    46 |   141 ||   187
       Punch             |       |     3 ||     3
       Rapier            |       |    31 ||    31
Invok: Berserk           |       |     3 ||     3
  Use: Potion            |       |     2 ||     2
 Stab: Sleeping          |     8 |    23 ||    31
       Distracted        |       |     2 ||     2
       Invisible         |       |     1 ||     1
       Paralysed         |       |     1 ||     1
Armor: Animal skin       |     9 |     1 ||    10
       Leather armour    |       |    19 ||    19
Dodge: Dodged            |    25 |   101 ||   126
